 Dungeon Crawl Stone Soup version 0.31-a0-133-gaae73658be (webtiles) character file.

Game seed: 4015893583940450397

180797 soylentgreeen202 the Zephyrmancer (level 17, 0/134 HPs)
             Began as a Demigod Air Elementalist on Apr 16, 2023.
             Slain by a ghost moth (3 damage)
             ... on level 3 of the Lair of Beasts on June 3, 2023.
             The game lasted 04:26:32 (44150 turns).

soylentgreeen202 the Zephyrmancer (DgAE)           Turns: 44150, Time: 04:26:33

Health: 0/134      AC: 11    Str: 14 (16) XL:     17   Next: 9%
Magic:  0/41       EV: 16    Int: 32 (34) God:
Gold:   2880       SH:  5    Dex: 15 (18) Spells: 6/30 levels left

rFire   + . .        o - +9 quarterstaff (chaos)
rCold   + . .        (shield currently unavailable)
rNeg    . . .        K - +2 robe "Bec Gie" {+Inv Archmagi}
rPois   +            f - +2 helmet
rElec   .            q - scarf {rC+ rF+}
rCorr   +            u - +2 pair of gloves
SInv    .            I - +0 pair of boots
Will    +....        a - amulet of reflection
Stlth   ++           F - +6 ring of intelligence
HPRegen 0.42/turn    l - ring of Peace {rPois rCorr MP+9}
MPRegen 0.27/turn

%: reflection, archmagi
@: studying Short Blades
A: high MP 1, forlorn, divine attributes, agile 1, passive freeze
a: Evoke Invisibility


You were on level 3 of the Lair of Beasts.
You visited 4 branches of the dungeon, and saw 23 of its levels.

You collected 3296 gold pieces.
You spent 416 gold pieces at shops.

Inventory:

Hand Weapons
 o - a +9 quarterstaff of chaos (weapon)
Missiles
 p - 4 throwing nets
Armour
 f - a +2 helmet (worn)
 q - a scarf of resistance (worn)
 u - a +2 pair of gloves (worn)
 E - +1 steam dragon scales
 I - a +0 pair of boots (worn)
 J - a +0 cloak
 K - the +2 robe "Bec Gie" (worn) {+Inv Archmagi}
   (You found it on level 4 of the Lair of Beasts)

   +Inv:      It lets you turn invisible.
   Archmagi:  It increases the power of your magical spells.
Jewellery
 a - an amulet of reflection (around neck)
 k - an amulet of the acrobat
 l - the ring of Peace (right hand) {rPois rCorr MP+9}
   (You found it on level 6 of the Dungeon)

   [ring of magical power]

   rPois:     It protects you from poison.
   MP:        It affects your magic capacity (+9).
   rCorr:     It protects you from acid and corrosion.
 r - a ring of flight
 y - a +6 ring of strength
 F - a +6 ring of intelligence (left hand)
 L - an amulet of regeneration
 P - a ring of see invisible
 Q - an amulet of magic regeneration
 U - a ring of willpower
 W - a +4 ring of slaying
Wands
 n - a wand of light (3)
 w - a wand of flame (27)
 N - a wand of digging (3)
 O - a wand of mindburst (15)
Scrolls
 c - 4 scrolls of blinking
 h - 10 scrolls of identify
 j - 2 scrolls of fear
 t - 2 scrolls of teleportation
 v - 4 scrolls of amnesia
 x - 2 scrolls of summoning
 H - 5 scrolls of poison
 M - 4 scrolls of enchant weapon
 R - 2 scrolls of brand weapon {unknown}
 S - a scroll of enchant armour
 T - a scroll of fog
 V - a scroll of silence {unknown}
Potions
 b - a potion of magic
 d - 3 potions of resistance
 e - 6 potions of attraction
 g - a potion of brilliance
 i - 8 potions of curing
 m - 2 potions of berserk rage
 s - 3 potions of might
 z - 2 potions of ambrosia
 A - 6 potions of mutation
 B - 4 potions of enlightenment
 C - 4 potions of degeneration
 D - 3 potions of invisibility
 G - 3 potions of lignification


   Skills:
 - Level 8.2 Fighting
 + Level 13.3 Staves
 - Level 8.0 Dodging
 - Level 3.1 Stealth
 - Level 7.0 Spellcasting
 - Level 5.0 Conjurations
 - Level 2.2 Necromancy
 - Level 8.0 Ice Magic
 - Level 14.0 Air Magic
 - Level 11.0 Evocations


You had 6 spell levels left.
You knew the following spells:

 Your Spells              Type           Power      Damage    Failure   Level
a - Shock                 Conj/Air       100%       1d9       1%          1
b - Static Discharge      Conj/Air       100%       2-7/arc   1%          2
c - Swiftness             Air            100%       N/A       1%          3
d - Airstrike             Air            50%        2d(8-24)  1%          4
e - Sublimation of Blood  Necr           38%        N/A       2%          2
f - Ozocubu's Armour      Ice            76%        N/A       1%          3
g - Freezing Cloud        Conj/Ice/Air   40%        6-21      2%          5
h - Summon Lightning Spi  Summ/Air       71%        N/A       2%          4

Your spell library contained the following spells:

 Spells                   Type           Power      Damage    Failure   Level
 Kiss of Death            Conj/Necr      100%       2d13      1%          1
 Cigotuvi's Dreadful Rot  Necr/Pois/Air  100%       N/A       1%          2
 Beastly Appendage        Tmut           32%        N/A       4%          1
 Slow                     Hex            64%        N/A       4%          1
 Vampiric Draining        Necr           38%        2d8       4%          3
 Wereblood                Tmut           16%        N/A       6%          2
 Confusing Touch          Hex            16%        N/A       12%         3
 Ignite Poison            Fire/Tmut/Pois 16%        N/A       12%         3
 Portal Projectile        Hex/Tloc       32%        N/A       12%         3
 Spider Form              Tmut/Pois      16%        N/A       12%         3
 Tukima's Dance           Hex            16%        N/A       12%         3
 Dispel Undead            Necr           38%        3d16      16%         4
 Metabolic Englaciation   Hex/Ice        26%        N/A       22%         5
 Petrify                  Tmut/Erth      16%        N/A       38%         4
 Blade Hands              Tmut           8%         N/A       75%         5
 Statue Form              Tmut/Erth      10%        N/A       99%         6
 Maxwell's Capacitive Co  Air            50%        ∞         65%         8
 Ozocubu's Refrigeration  Ice            38%        4d15      78%         7
 Summon Hydra             Summ           8%         N/A       100%        7
 Shatter                  Erth           8%         3d10*     100%        9


Dungeon Overview and Level Annotations

Branches:
Dungeon (15/15)            Temple (0/1) D:6            Lair (5/5) D:9
  Swamp (0/4) Lair:3       Spider (1/4) Lair:3        Slime (0/5) Lair:5
    Orc (2/2) D:9             Elf (0/3) Orc:2        Vaults (0/5) D:14
 Depths (0/4) D:15

Shops:
D:10 [   D:12 =   Orc:2 ?**=(

Portals:
Abyss: Lair:1
Pandemonium: Orc:2
Trove: D:11 (give 18 scrolls of teleportation)

Annotations:
D:4 exclusions: ogre and 1 more exclusion
D:7 3 exclusions
D:13 exclusion: downstairs
Lair:1 2 transporters, exclusion: 2 downstairs, mandoloar's ghost, journeyman OpTm


Innate Abilities, Weirdness & Mutations

You have an increased reservoir of magic. (+10% MP)
You shall have no god before yourself.
Your divine heritage dramatically boosts your attributes as you level up.
You are agile. (Dex +4, Str/Int -1)
A frigid envelope surrounds you and freezes all who hurt you.


Message History

Something barely misses you.
You start resting.
You feel you are being watched by something.
You feel your power leaking away.
Something hits you but does no damage. x2
Something stings you but does no damage.
You start resting.
Something hits you. Something hits you!
Something stings you but does no damage.
You feel you are being watched by something.
Something hits you!!
You feel dopey. Something hits you but does no damage.
Something barely misses you.
You start resting.
Something hits you. x2
Something stings you but does no damage.
You feel you are being watched by something.
You feel your power leaking away. Something hits you. Something hits you!
Something stings you but does no damage.
You climb upwards.
Welcome back to the Lair of Beasts!
Reactivating autopickup.
There is a hole to the Spider Nest here.
You feel you are being watched by something.
Something barely misses you. Something hits you!
* * * LOW HITPOINT WARNING * * *
You feel weakened.
Deactivating autopickup; reactivate with Ctrl-A.
Something stings you!
* * * LOW HITPOINT WARNING * * *
You can't see any enemies this would affect, really read the scroll of fear?
As you read the scroll of fear, it crumbles to dust.
You assume a fearsome visage.
Nothing appears to happen.
You feel you are being watched by something.
You feel your power leaking away. Something hits you!
* * * LOW HITPOINT WARNING * * *
Something hits you!
* * * LOW HITPOINT WARNING * * *
You feel weakened. Something stings you.
You die...

### ### #######P# ##.####
#.#...... ######P...P####
#[.......
#...........#P###........
##.............#P.........
#........@>...............
##...........##............
#............#####.........
#............# ##........
#.[.........## ##.......
#.........### ##......
##.......## ###....
##......# #.... ##....##
#....


There were no monsters in sight!

Vanquished Creatures
  Jorgrun (D:12)
  The ghost of Jyasoedi the Destroyer, a journeyman DsEE of Vehumet (D:15)
  A stone giant (D:15)
  Nessos (D:13)
  Snorg (Orc:1)
  A hydra (D:15)
  3 demonspawn (Orc:2)
  8 vault guards (D:14)
  3 centaur warriors
  2 two-headed ogres
  A boulder beetle (D:15)
  3 tengu warriors
  6 orc high priests
  A soul eater (Orc:2)
  3 skysharks
  Sonja (Lair:4)
  A goliath frog (Lair:5)
  A wizard (D:14)
  9 orc knights
  2 deep elf pyromancers
  2 manticores
  An oklob plant (Lair:1)
  6 orc sorcerers (Orc:2)
  6 cyclopes
  9 ugly things
  9 elephants
  An orange demon (Orc:2)
  22 cane toads
  A kobold demonologist (D:13)
  2 unseen horrors (D:12)
  2 rime drakes
  A tengu conjurer (D:14)
  3 efreet (D:14)
  17 komodo dragons
  An ice devil (Orc:2)
  A merfolk (shapeshifter) (D:15)
  3 trolls
  2 hornets
  A hellwing (Orc:2)
  3 tyrant leeches (Lair:5)
  4 polar bears
  A tarantella (Spider:1)
  47 blink frogs
  17 dream sheep
  3 vampires
  5 slime creatures (D:14)
  4 wraiths
  4 wyverns
  A wyvern (shapeshifter) (D:13)
  47 yaks
  2 shadows
  A neqoxec (Orc:2)
  Eustachio (D:6)
  Grum (D:8)
  5 basilisks
  A chaos spawn (Orc:2)
  A steam dragon (D:8)
  17 vampire mosquitoes
  6 wargs
  An acid dragon (D:13)
  6 water moccasins
  A black bear (Lair:2)
  An ice beast (D:7)
  25 orc warriors
  12 ogres
  2 wolves (D:8)
  11 centaurs
  A kobold brigand (D:7)
  3 scorpions
  15 bullfrogs
  14 killer bees
  An electric eel (D:12)
  7 howler monkeys
  23 orc priests
  2 gnoll boudas
  5 jellies
  Crazy Yiuf (D:2)
  Jessica (D:2)
  Ijyb (D:4)
  An iguana (D:5)
  18 orc wizards
  Robin (D:4)
  14 gnolls
  8 adders
  2 river rats (D:6)
  2 white imps
  3 worms
  2 dart slugs
  84 orcs
  2 bats (D:3)
  7 endoplasms
  5 giant cockroaches
  9 goblins
  10 hobgoblins
  4 jackals (D:1)
  11 kobolds
  4 quokkas
  4 ball pythons
  3 frilled lizards
  8 rats
646 creatures vanquished.

Vanquished Creatures (collateral kills)
  The ghost of Monarks the Slicer, a journeyman GnCj of Vehumet (D:13)
  A hydra (D:13)
  2 centaur warriors
  Lodul (D:13)
  5 ugly things
  A deep elf pyromancer (D:13)
  A kobold demonologist (D:12)
  A troll (shapeshifter) (D:14)
  3 trolls
  2 yaks (D:11)
  3 vampire mosquitoes (D:12)
  6 orc warriors
  An ogre (D:13)
  A centaur (D:15)
  A gnoll sergeant (D:10)
  2 orc priests
  2 orc wizards
  3 gnolls (D:10)
  7 orcs
44 creatures vanquished.

Grand Total: 690 creatures vanquished

Notes
Turn   | Place    | Note
-------+----------+-------------------------------------------
     0 | D:1      | soylentgreeen202 the Demigod Air Elementalist began the
                  | quest for the Orb.
     0 | D:1      | Reached XP level 1. HP: 14/14 MP: 5/5
   298 | D:1      | Reached skill level 3 in Air Magic
   422 | D:1      | Reached XP level 2. HP: 20/20 MP: 2/7
   513 | D:1      | Reached skill level 1 in Conjurations
  1713 | D:2      | Reached XP level 3. HP: 26/26 MP: 4/8
  1718 | D:2      | Learned a level 2 spell: Static Discharge
  1927 | D:2      | Noticed a golden eye
  1932 | D:2      | Noticed an eye of devastation
  1994 | D:2      | Noticed a floating eye
  1998 | D:2      | Noticed a floating eye
  2010 | D:2      | Learned a level 3 spell: Swiftness
  2120 | D:2      | Noticed Jessica
  2135 | D:2      | Killed Jessica
  2136 | D:2      | Reached skill level 4 in Air Magic
  2642 | D:2      | Found a runed translucent door.
  2643 | D:2      | Noticed Crazy Yiuf
  2650 | D:2      | Killed Crazy Yiuf
  2651 | D:2      | Reached XP level 4. HP: 33/33 MP: 5/9
  3373 | D:3      | Upgraded the game from 0.30-a0-1085-g990a428a5c to
                  | 0.30-a0-1114-gd936c97349
  3628 | D:3      | Upgraded the game from 0.30-a0-1114-gd936c97349 to
                  | 0.30-a0-1163-gf69bf04e7a
  4129 | D:4      | Noticed Ijyb
  4129 | D:4      | Noticed Robin
  4150 | D:4      | Killed Ijyb
  4151 | D:4      | Reached XP level 5. HP: 33/38 MP: 1/10
  4777 | D:4      | Killed Robin
  5145 | D:4      | Noticed an ogre
  5615 | D:5      | Entered Level 5 of the Dungeon
  5784 | D:5      | Reached XP level 6. HP: 45/45 MP: 5/11
  5821 | D:4      | Reached skill level 5 in Conjurations
  6751 | D:4      | Reached skill level 5 in Air Magic
  7281 | D:6      | Reached XP level 7. HP: 48/50 MP: 5/13
  7483 | D:6      | Noticed Eustachio
  7493 | D:6      | Killed Eustachio
  7494 | D:6      | Reached skill level 6 in Air Magic
  7664 | D:6      | Found a staircase to the Ecumenical Temple.
  7709 | D:6      | Reached skill level 7 in Air Magic
  7955 | D:6      | Identified the ring of Peace {rPois rCorr MP+9}
  8264 | D:7      | Noticed a slime creature
  8498 | D:7      | Reached XP level 8. HP: 54/57 MP: 14/14
  8522 | D:7      | Reached skill level 8 in Air Magic
  8566 | D:6      | Upgraded the game from 0.30-a0-1163-gf69bf04e7a to
                  | 0.31-a0-4-gefa6de2278
  8732 | D:7      | Reached skill level 9 in Air Magic
  8756 | D:7      | Learned a level 4 spell: Airstrike
  8792 | D:7      | Reached skill level 1 in Staves
  9190 | D:7      | Noticed a slime creature
  9234 | D:7      | an acid dragon changed into a rime drake
  9234 | D:7      | Noticed a rime drake (shapeshifter)
  9343 | D:7      | Noticed a black mamba
  9625 | D:8      | Identified the +6 spear "Pendulum" {venom, rF+ rC+ Str+3}
  9625 | D:8      | Noticed Grum
  9641 | D:8      | Killed Grum
 10058 | D:8      | Noticed a hornet
 10059 | D:8      | Reached skill level 5 in Staves
 10059 | D:8      | Reached XP level 9. HP: 62/62 MP: 15/15
 10912 | D:9      | Found a staircase to the Lair.
 11830 | D:9      | Reached skill level 5 in Spellcasting
 12025 | D:9      | Reached skill level 1 in Fighting
 12028 | D:9      | Found a staircase to the Orcish Mines.
 12029 | D:9      | Found Lud Caet's Antique Armour Shop.
 12786 | D:10     | Entered Level 10 of the Dungeon
 13101 | D:10     | Upgraded the game from 0.31-a0-4-gefa6de2278 to
                  | 0.31-a0-18-gea43df2a32
 13110 | D:10     | Noticed a komodo dragon
 13213 | D:10     | Noticed a cyclops
 13311 | Lair:1   | Entered Level 1 of the Lair of Beasts
 13315 | Lair:1   | Learned a level 2 spell: Sublimation of Blood
 13359 | Lair:1   | Noticed a komodo dragon
 13362 | Lair:1   | Killed a komodo dragon
 13363 | Lair:1   | Reached skill level 1 in Necromancy
 13447 | Lair:1   | Noticed an oklob plant
 13473 | Lair:1   | Noticed a cane toad
 13504 | Lair:1   | Noticed a cane toad
 13618 | D:9      | Killed a cane toad
 13619 | D:9      | Reached XP level 10. HP: 10/75 MP: 21/21
 13918 | Lair:1   | Killed an oklob plant
 14135 | Lair:1   | Upgraded the game from 0.31-a0-18-gea43df2a32 to
                  | 0.31-a0-37-g98a128e1d9
 14244 | Lair:1   | Found a transporter.
 14251 | Lair:1   | Found a one-way gate to the infinite horrors of the Abyss.
 14251 | Lair:1   | Noticed mandoloar's ghost (journeyman OpTm)
 14420 | Lair:1   | Noticed a sun demon
 14463 | Lair:1   | Reached skill level 10 in Air Magic
 14580 | Lair:1   | Noticed a worldbinder
 14701 | Lair:1   | Reached skill level 5 in Dodging
 15120 | Lair:1   | Noticed a rakshasa
 15129 | Lair:1   | Found a transporter.
 15778 | Lair:1   | Reached XP level 11. HP: 55/82 MP: 22/22
 16858 | Lair:2   | You fall into a shaft and drop 2 floors!
 16865 | Lair:4   | Noticed a skyshark
 17073 | Lair:3   | Found a hole to the Spider Nest.
 18401 | Lair:2   | Reached skill level 11 in Air Magic
 19588 | Lair:3   | Found a staircase to the Swamp.
 19661 | Lair:3   | Reached skill level 12 in Air Magic
 19817 | Lair:3   | Reached XP level 12. HP: 89/89 MP: 23/23
 21466 | Lair:3   | Identified the +4 arbalest of Mana {drain, rElec Str+4
                  | Dex+8 Stlth-}
 21487 | Lair:3   | Reached skill level 13 in Air Magic
 21920 | Lair:4   | Upgraded the game from 0.31-a0-37-g98a128e1d9 to
                  | 0.31-a0-66-ge618eeaa78
 22531 | Lair:4   | Identified the +2 robe "Bec Gie" {+Inv Archmagi}
 22644 | Lair:4   | Reached skill level 1 in Evocations
 23004 | Lair:4   | Reached skill level 14 in Air Magic
 23100 | Lair:4   | Noticed Sonja
 23108 | Lair:4   | Killed Sonja
 23666 | Lair:5   | Entered Level 5 of the Lair of Beasts
 24151 | Lair:4   | Reached skill level 5 in Evocations
 25142 | Lair:4   | Reached XP level 13. HP: 78/94 MP: 12/24
 25278 | Lair:5   | Learned a level 3 spell: Ozocubu's Armour
 25284 | Lair:5   | Learned a level 5 spell: Freezing Cloud
 25396 | Lair:5   | Reached skill level 1 in Ice Magic
 25990 | Lair:4   | Upgraded the game from 0.31-a0-66-ge618eeaa78 to
                  | 0.31-a0-133-gaae73658be
 26111 | Lair:4   | Gained mutation: A frigid envelope surrounds you and
                  | freezes all who hurt you. [potion of mutation]
 26111 | Lair:4   | Gained mutation: You are agile. (Dex +4, Str/Int -1)
                  | [potion of mutation]
 26326 | Lair:3   | Learned a level 1 spell: Shock
 28051 | Lair:5   | Reached skill level 5 in Ice Magic
 28284 | Lair:5   | Found a staircase to the Slime Pits.
 29067 | Orc:1    | Entered Level 1 of the Orcish Mines
 29373 | Orc:2    | Entered Level 2 of the Orcish Mines
 30673 | Orc:2    | Found Rourphum's General Store.
 31030 | Orc:2    | Found Lintella's General Store.
 31201 | Orc:2    | Bought a book of Storms for 416 gold pieces
 31206 | Orc:2    | Learned a level 4 spell: Summon Lightning Spire
 31298 | Orc:2    | Found a staircase to the Elven Halls.
 31438 | Orc:2    | Found Darch's Magic Scroll Shop.
 31739 | Orc:2    | Reached skill level 5 in Fighting
 32000 | Orc:2    | Reached XP level 14. HP: 50/110 MP: 6/28
 32539 | Orc:2    | Found Wauliset's Jewellery Boutique.
 32539 | Orc:2    | Found a one-way gate leading to the halls of Pandemonium.
 32539 | Orc:2    | Found Ukkicvu's Antique Weapon Shop.
 32782 | Orc:1    | Noticed Snorg
 32791 | Orc:1    | Killed Snorg
 34020 | D:10     | Found Mupearul's Armour Shop.
 35052 | D:11     | Found a portal to a secret trove of treasure.
 35381 | D:11     | Got the Parchment of Clouds and Topomancy
 35570 | D:12     | Found Cawnoept's Jewellery Boutique.
 36199 | D:12     | Noticed Jorgrun
 36215 | D:12     | Killed Jorgrun
 37182 | D:13     | Found a runed translucent door.
 37187 | D:13     | Noticed Monarks's ghost (journeyman GnCj)
 37187 | D:13     | Found the +27 heavy crossbow "Sniper" {heavy, Acc+∞ SInv}
 37367 | D:13     | Noticed Lodul
 37375 | D:13     | Killed Lodul
 37748 | D:13     | Reached skill level 10 in Evocations
 37748 | D:13     | Reached XP level 15. HP: 118/118 MP: 30/30
 37749 | D:13     | Reached XP level 16. HP: 128/128 MP: 31/31
 38101 | D:13     | Reached skill level 10 in Staves
 38359 | D:13     | Noticed Nessos
 38366 | D:13     | Killed Nessos
 39170 | D:13     | Killed Monarks's ghost
 41175 | D:14     | Found a gate to the Vaults.
 41564 | D:15     | Entered Level 15 of the Dungeon
 42050 | D:15     | Found a staircase to the Depths.
 42745 | D:15     | Reached XP level 17. HP: 122/134 MP: 32/32
 43033 | D:15     | Found a runed translucent gate.
 43033 | D:15     | Found a runed translucent gate.
 43034 | D:15     | Found a runed translucent gate.
 43037 | D:15     | Noticed Jyasoedi's ghost (journeyman DsEE)
 43074 | D:15     | Identified the +4 sling of Atsoys {heavy, rPois rN+++
                  | Int-2}
 43340 | D:15     | HP: 4/134 [Jyasoedi's ghost/iron shot (33)]
 43370 | D:15     | Killed Jyasoedi's ghost
 43945 | Spider:1 | Entered Level 1 of the Spider Nest
 44150 | Lair:3   | HP: 3/134 [something (10)]
 44150 | Lair:3   | Slain by a ghost moth

Illustrated notes

Levels and vault maps discovered:
D:1:      minmay_arrival_stair_chambers, layout_basic, serial_glass,
          glass_columns_c, glass_columns_b, glass_columns_c, glass_columns_a
D:2:      layout_loops_corners, hellmonk_ecumenical_altar_watching_god,
          uniq_crazy_yiuf_cottage, uniq_jessica
D:3:      layout_basic, mainiacjoe_overflow_large_starburst
D:4:      layout_loops_corners, ebering_ghost_gozag, nicolae_goblin_pals
D:5:      layout_cave_pools, st_stairs_13, corexii_mini_fake_secret_closet
D:6:      layout_loops_cross, minmay_temple_entry_from_below_a,
          portal_sewer_entry_b, uniq_eustachio
D:7:      layout_basic, xom_shifter_show, serial_glass, glass_columns_a,
          glass_columns_b, glass_columns_a, glass_columns_a, glass_columns_a,
          glass_columns_a, glass_columns_c, glass_columns_a, glass_columns_a,
          glass_columns_b, glass_columns_a, glass_columns_a, glass_columns_b,
          glass_columns_a
D:8:      layout_layer_cave, uniq_grum
D:9:      layout_basic, lair_entry_dummy, david_orc_5, serial_shops, shop
D:10:     layout_basic, serial_shops, nicolae_shop_tiny_real_fake_doors
D:11:     layout_roguey, nicolae_trove_entry_crystal,
          chequers_serial_rivers_micro_a
D:12:     layout_irregular_city, serial_shops, nicolae_stop_n_shop_1,
          hangedman_decor_push, nrook_pool_corridor, uniq_jorgrun
D:13:     layout_loops_cross, ebering_ghost_reflecting_pool,
          kennysheep_generic_room_6, uniq_lodul, uniq_nessos
D:14:     minmay_goldmine, layout_gridville, erik_vaults_2,
          minmay_fractal_squares_5
D:15:     grunt_enter_depths_snipers, layout_gridville,
          biasface_ghost_orc_armoury, grunt_decor_arrowhead
Lair:1:   minmay_lair_oklob_chamber, layout_misc_corridors,
          gammafunk_ghost_abyssal_escape
Lair:2:   layout_cave_pods
Lair:3:   layout_cave_pods, minmay_swamp_entry_swarm, dummy_spider_entry,
          beast_lair_carwin_8, infiniplex_staircase_pool
Lair:4:   layout_gridlike, uniq_sonja
Lair:5:   minmay_lair_end_frog_pond, layout_regular_city, slime_entry_1
Spider:1: layout_spider_delve, uniq_louise
Orc:1:    layout_diamond_mine, nooodl_orcs_dogs, uniq_snorg
Orc:2:    pf_orc_diabolical, layout_caves, serial_shops,
          nicolae_shop_behind_doors

Skill      XL: |  1  2  3  4  5  6  7  8  9 10 11 12 13 14 15 16 17 |
---------------+----------------------------------------------------+-----
Spellcasting   | 2 5 7 |  7.0
Air Magic      | 3 4 5 7 9 10 12 14 | 14.0
Conjurations   | 1 3 4 5 |  5.0
Stealth        | 2 3 |  3.1
Dodging        | 2 3 7 8 |  8.0
Staves         | 5 6 9 12 13 | 13.3
Fighting       | 2 3 6 7 8 |  8.2
Necromancy     | 1 2 |  2.2
Evocations     | 6 7 10 11 | 11.0
Ice Magic      | 6 8 |  8.0

Action                     |  1- 3 |  4- 6 |  7- 9 | 10-12 | 13-15 | 16-18 || total
---------------------------+-------+-------+-------+-------+-------+-------++-------
  Melee: Unarmed           |    16 |       |       |       |       |       ||    16
         Quarterstaff      |       |    12 |    42 |   156 |   162 |    89 ||   461
   Cast: Shock             |    74 |   141 |   159 |    75 |   207 |    59 ||   715
         Static Discharge  |       |     7 |    19 |    19 |     8 |       ||    53
         Airstrike         |       |       |    51 |   256 |   137 |    56 ||   500
         Sublimation of Bl |       |       |     5 |     9 |       |       ||    14
         Swiftness         |       |       |     1 |     1 |     2 |       ||     4
         Freezing Cloud    |       |       |       |       |    64 |    38 ||   102
         Summon Lightning  |       |       |       |       |    23 |    29 ||    52
         Ozocubu's Armour  |       |       |       |       |     6 |     2 ||     8
  Evoke: Wand              |       |     1 |     2 |       |       |       ||     3
    Use: Scroll            |       |    11 |     5 |     5 |    18 |     1 ||    40
         Potion            |       |       |       |       |     8 |     3 ||    11
   Stab: Sleeping          |       |       |     1 |     2 |     1 |     2 ||     6
         Paralysed         |       |       |       |     2 |       |       ||     2
         Distracted        |       |       |       |       |       |     4 ||     4
         Confused          |       |       |       |       |       |     2 ||     2
 Armour: Robe              |    10 |    13 |    18 |    28 |    57 |    44 ||   170
         Steam dragon scal |       |       |    42 |    47 |       |       ||    89
  Dodge: Dodged            |    40 |    44 |   119 |   216 |   112 |    72 ||   603
  Block: Other             |       |       |       |       |    24 |    25 ||    49
         Reflection        |       |       |       |       |     2 |     5 ||     7

Table legend: (Time is in decaauts)
 A = Elapsed time spent in this place.
 B = Non-inter-level travel time spent in this place.
 C = Inter-level travel time spent in this place.
 D = Time resting spent in this place.
 E = Time spent auto-exploring this place.
 F = Levels seen in this place.
 G = Mean time per level.
                   A        B        C        D        E       F      G
               +--------+--------+--------+--------+--------+-----+--------+
         Total |  44193 |  41269 |   2924 |  20766 |  11330 |  23 | 1921.4 |
       Dungeon |  24095 |  21901 |   2194 |   9202 |   7299 |  15 | 1606.3 |
          Lair |  15305 |  14657 |    648 |   9075 |   2816 |   5 | 3061.0 |
   Spider Nest |     50 |     50 |      0 |      0 |      0 |   1 |   50.0 |
  Orcish Mines |   4742 |   4661 |     81 |   2489 |   1214 |   2 | 2371.0 |
               +--------+--------+--------+--------+--------+-----+--------+

Top non-repeatable levels by time:
  Lair:4: 3985 daAuts
   Orc:2: 3416 daAuts
  Lair:3: 3012 daAuts
  Lair:1: 2835 daAuts
     D:9: 2811 daAuts
  Lair:5: 2752 daAuts
  Lair:2: 2719 daAuts
    D:13: 2373 daAuts
     D:4: 2363 daAuts
    D:14: 2251 daAuts
    D:15: 2095 daAuts
     D:1: 1523 daAuts
     D:2: 1427 daAuts
    D:12: 1351 daAuts
     D:6: 1338 daAuts
